 Dungeon Crawl Stone Soup version 0.31-a0-187-gba352fbbf7 (webtiles) character file.

Game seed: 17498794684823603092

37928 pokeman the Eclecticist (level 13, -1/74 HPs)
             Began as a Deep Elf Hedge Wizard on June 22, 2023.
             Was a High Priest of Vehumet.
             Succumbed to a water moccasin's poison
             ... on level 5 of the Lair of Beasts on June 23, 2023.
             The game lasted 00:46:01 (19576 turns).

pokeman the Eclecticist (Deep Elf Hedge Wizard)    Turns: 19576, Time: 00:46:02

Health: -1/74      AC: 16    Str:  7    XL:     13   Next: 61%
Magic:  17/47      EV: 18    Int: 23    God:    Vehumet [*****.]
Gold:   216        SH:  5    Dex: 15    Spells: 22/51 levels left

rFire   x . .        a - +4 dagger (venom)
rCold   . . .        (no shield)
rNeg    . . .        b - +1 steam dragon scales of Noul {Dex+3}
rPois   +            i - +2 helmet
rElec   +            q - +2 cloak
rCorr   .            P - +0 pair of gloves
SInv    .            Q - +0 pair of boots
Will    +....        Z - amulet "Wetoxt" {Reflect rElec rPois SH+5}
Stlth   ++           W - +5 ring of evasion
HPRegen 0.32/turn    y - ring of magical power
MPRegen 0.30/turn

%: reflection
@: lethally poisoned (-1 -> -14), studying Poison Magic
A: [clumsy 1], [dopey 1], [screaming 1], [heat vulnerability 1]
a: Renounce Religion


You were on level 5 of the Lair of Beasts.
You worshipped Vehumet.
Vehumet was extremely pleased with you.
You visited 3 branches of the dungeon, and saw 20 of its levels.
You also visited: Ossuary and Gauntlet.

You collected 890 gold pieces.
You spent 674 gold pieces at shops.

Inventory:

Hand Weapons
 a - a +4 dagger of venom (weapon)
Armour
 b - the +1 steam dragon scales of Noul (worn) {Dex+3}
   (You found it in a Gauntlet)

   Dex:       It affects your dexterity (+3).
 h - a scarf of resistance
 i - a +2 helmet (worn)
 q - a +2 cloak (worn)
 J - the +1 ring mail "Fybremi" {rF+}
   (You found it in a Gauntlet)

   rF:        It protects you from fire.
 K - the +2 cloak of Objectivity {rPois rC+ Will++ Str-5}
   (You found it in a Gauntlet)

   Str:       It affects your strength (-5).
   rC:        It protects you from cold.
   rPois:     It protects you from poison.
   Will:      It greatly increases your willpower.
 L - a +1 pair of boots of stealth
 P - a +0 pair of gloves (worn)
 Q - a +0 pair of boots (worn)
 T - +0 acid dragon scales
Magical Staves
 s - a staff of cold
Jewellery
 g - an amulet of the acrobat
 r - a ring of protection from cold
 x - a ring of resist corrosion
 y - a ring of magical power (right hand)
 O - the ring of Tituril {rPois rCorr Int-5 Dex+3}
   (You took it off a minotaur in a Gauntlet)

   [ring of resist corrosion]

   Int:       It affects your intelligence (-5).
   Dex:       It affects your dexterity (+3).
   rPois:     It protects you from poison.
   rCorr:     It protects you from acid and corrosion.
 R - an amulet of regeneration
 W - a +5 ring of evasion (left hand)
 Z - the amulet "Wetoxt" (around neck) {Reflect rElec rPois SH+5}
   (You bought it in a shop on level 4 of the Dungeon)

   [amulet of reflection]

   It reflects blocked missile attacks.
   rElec:     It insulates you from electricity.
   rPois:     It protects you from poison.
   SH:        It affects your SH (+5).
Wands
 v - a wand of roots (5)
 A - a wand of digging (14)
 C - a wand of polymorph (5)
 M - a wand of mindburst (9)
Scrolls
 c - 3 scrolls of amnesia
 f - 4 scrolls of blinking
 j - 2 scrolls of summoning
 o - a scroll of fear
 p - 6 scrolls of revelation
 t - 6 scrolls of teleportation
 w - 5 scrolls of silence
 z - 2 scrolls of enchant armour
 D - 5 scrolls of enchant weapon
 G - 2 scrolls of poison
 S - a scroll of vulnerability {unknown}
 U - a scroll of acquirement {unknown}
 X - a scroll of immolation
 Y - a scroll of brand weapon {unknown}
Potions
 d - 3 potions of magic
 e - 5 potions of haste
 k - 4 potions of enlightenment {unknown}
 l - 9 potions of heal wounds
 m - 13 potions of curing
 n - a potion of berserk rage {unknown}
 u - a potion of brilliance
 B - a potion of cancellation
 E - 4 potions of mutation
 F - 8 potions of ambrosia
 H - a potion of might {unknown}
 I - a potion of resistance {unknown}
 N - a potion of lignification {unknown}
 V - a potion of attraction {unknown}


   Skills:
 - Level 6.0 Fighting
 + Level 6.4 Armour
 - Level 3.0 Dodging
 - Level 3.0 Stealth
 * Level 19.5 Spellcasting
 + Level 11.7 Conjurations
 - Level 1.1 Summonings
 - Level 1.1 Translocations
 + Level 11.2 Fire Magic
 - Level 1.0 Ice Magic
 - Level 1.2 Air Magic
 - Level 2.0 Poison Magic
 - Level 1.1 Evocations


You had 22 spell levels left.
You knew the following spells:

 Your Spells              Type           Power      Damage    Failure   Level
a - Magic Dart            Conj           100%       1d8       0%          1
b - Mephitic Cloud        Conj/Pois/Air  45%        N/A       1%          3
c - Call Imp              Summ           54%        N/A       1%          2
d - Blink                 Tloc           54%        N/A       1%          2
e - Flame Wave            Conj/Fire      66%        2d15      1%          4
f - Fireball              Conj/Fire      33%        3d14      1%          5
g - Iskenderun's Battles  Conj           66%        2d12      1%          5
h - Orb of Destruction    Conj           33%        9d10      4%          7

Your spell library contained the following spells:

 Spells                   Type           Power      Damage    Failure   Level
 Eringya's Noxious Bog    Tmut/Pois      13%        N/A       45%         6
 Summon Small Mammal      Summ           100%       N/A       1%          1
 Cigotuvi's Dreadful Rot  Necr/Pois/Air  54%        N/A       1%          2
 Scorch                   Fire           100%       2d9       1%          2
 Searing Ray              Conj           100%       2d8       1%          2
 Hailstorm                Conj/Ice       51%        3d11      1%          3
 Fulminant Prism          Conj/Hex       24%        3d12      1%          4
 Slow                     Hex            88%        N/A       2%          1
 Ensorcelled Hibernation  Hex/Ice        48%        N/A       2%          2
 Call Canine Familiar     Summ           27%        N/A       4%          3
 Portal Projectile        Hex/Tloc       48%        N/A       4%          3
 Spider Form              Tmut/Pois      27%        N/A       4%          3
 Summon Guardian Golem    Hex/Summ       24%        N/A       4%          3
 Conjure Ball Lightning   Conj/Air       25%        3x3d7     6%          6
 Manifold Assault         Tloc           27%        N/A       14%         4
 Ice Form                 Ice/Tmut       24%        N/A       17%         4
 Anguish                  Hex/Necr       11%        N/A       22%         4
 Leda's Liquefaction      Hex/Erth       11%        N/A       22%         4
 Dispersal                Tloc           13%        N/A       91%         6
 Summon Cactus Giant      Summ           13%        N/A       91%         6
 Simulacrum               Ice/Necr       12%        N/A       95%         6
 Disjunction              Tloc           13%        N/A       100%        8


Dungeon Overview and Level Annotations

Branches:
Dungeon (14/15)            Temple (1/1) D:6            Lair (5/5) D:10
 Shoals (0/4) Lair:2       Spider (0/4) Lair:3        Slime (0/5) Lair:4
    Orc (0/2) D:11        Ossuary (visited)         Gauntlet (visited)
 Vaults: D:13-14

Altars:
Ashenzari
Dithmenos
Elyvilon
Fedhas
Hepliaklqana
Kikubaaqudgha
Makhleb
Nemelex Xobeh
Okawaru
Qazlal
Ru
Sif Muna
Trog
Uskayaw
Vehumet
Wu Jian
Xom
Zin
The Shining One

Shops:
D:4 =

Annotations:
D:3 2 runed translucent doors, innerfire43's ghost, amateur DsMo
D:12 3 runed translucent doors, innerfire43's ghost, journeyman DsMo
Lair:1 3 runed translucent doors, TittyCrusher's ghost, journeyman OpEE


Innate Abilities, Weirdness & Mutations

[You are clumsy. (Dex -2)]
[You are dopey. (Int -2)]
[You occasionally shout uncontrollably at your foes.]
[You are vulnerable to heat. (rF-)]


Message History

Confirm with . or Enter, or press ? or * to list all spells.
Aiming: Fireball (safe; 1% risk of failure)
Press: ? - help, Shift-Dir - straight line, f/p - cane toad
Aim: a cane toad (almost dead)
Okay, then.
Unknown command.
Casting: Fireball (safe; 1% risk of failure)
Confirm with . or Enter, or press ? or * to list all spells.
Casting: Flame Wave (safe; 1% risk of failure)
Press: ? - help, Dir - look around, f - activate A wave of flame ripples out!
The flame wave engulfs the cane toad!
You kill the cane toad!
Vehumet accepts your kill.
You feel your power returning.
The flame wave engulfs the water moccasin.
The water moccasin is almost dead. (Press . to intensify the flame waves.)
You hear a loud, deep croak!
The water moccasin bites you but does no damage. x2
Unknown command.
A wave of flame ripples out!
The flame wave engulfs the water moccasin!
You kill the water moccasin!
Vehumet accepts your kill.
You feel your power returning.
The flame wave engulfs the dream sheep!
The dream sheep is severely wounded.
The flame wave engulfs the water moccasin!!
The water moccasin is almost dead.
You feel stable enough to blink again.
The dream sheep shake their wool and sparkle.
You feel drowsy...
You fall asleep.
A dream sheep comes into view.
A cane toad comes into view.
The water moccasin bites you but does no damage.
The water moccasin bites you!
You wake up.
* * * LOW HITPOINT WARNING * * *
You are lethally poisoned!
The water moccasin poisons you!
The dream sheep bites itself!
The dream sheep bites you but does no damage.
Unknown command.
You die...

### ###.........,,
#.###.......#..,,,
#######..#....÷..#.#,,,,
#..#.#.............#,,,,
*#......†††..F<....#,,,,
#.......Yl!.÷÷÷÷.#...*,
##.......S.÷Y∩†#.....**
#.#..YSYl...†÷##*#.#.,,
#*##..@YY..÷..#,*,,#,,,
#.......÷....,**,,,,
##...........,,*,,,,
##......##..,,**,,,
**.#.....#*#y,,,*,,,
****,#.#......*#.,,**,,
*,**,*,*.P#...,**,,,*,,
**,*,,,,..P...,,**,,**,
*,,,,,,,,,,,,,,,,**,,*,


You could see a skyshark, a komodo dragon, a cane toad, 2 water moccasins and 6
dream sheep.

Vanquished Creatures
  A minotaur (Gauntlet)
  A hydra (Lair:3)
  A two-headed ogre (D:10)
  A death yak (Lair:1)
  A skyshark (Lair:4)
  A lindwurm (Lair:2)
  2 harpies (Lair:2)
  3 cyclopes
  8 black mambas
  3 elephants (Lair:4)
  A torpor snail (Lair:1)
  A gargoyle (D:11)
  5 cane toads
  5 rime drakes
  Psyche (D:8)
  A kobold demonologist (D:9)
  6 komodo dragons
  3 meliai (Gauntlet)
  2 queen bees
  3 hornets
  5 trolls
  3 polar bears
  5 dream sheep (Lair:5)
  11 blink frogs
  2 small abominations (Gauntlet)
  A vampire (D:10)
  3 culicivoras (Lair:3)
  2 wraiths
  47 yaks
  A fire bat (D:8)
  7 wyverns
  5 basilisks
  3 steam dragons
  Menkaure (D:6)
  Duvessa (D:4)
  10 water moccasins
  2 orc warriors
  A black bear (D:5)
  2 sky beasts
  14 wolves
  An ogre (D:5)
  3 kobold brigands
  An elf zombie (Ossuary)
  Blork the orc (D:6)
  A gnoll sergeant (D:9)
  4 scorpions
  15 bullfrogs
  Dowan (D:4)
  28 killer bees
  3 howler monkeys
  2 electric eels (Lair:1)
  8 jellies
  3 hounds
  Crazy Yiuf (D:6)
  3 orc priests (D:11)
  A gnoll bouda (D:7)
  2 sleepcaps
  9 hell rats
  3 iguanas
  9 orc wizards
  3 mummies (Ossuary)
  10 gnolls
  6 adders
  2 shadow imps
  2 ufetubi
  4 worms
  A dart slug (D:5)
  51 orcs
  10 endoplasms
  3 giant cockroaches
  4 goblins
  5 hobgoblins
  14 kobolds
  4 quokkas
  7 ball pythons
  2 bats (D:1)
  3 frilled lizards
  4 goblin zombies (Ossuary)
  4 hobgoblin zombies (Ossuary)
  2 kobold zombies (Ossuary)
  4 rats
420 creatures vanquished.

Vanquished Creatures (others)
  A wizard (D:4)
  A killer bee (Lair:2)
2 creatures vanquished.

Grand Total: 422 creatures vanquished

Notes
Turn   | Place    | Note
-------+----------+-------------------------------------------
     0 | D:1      | pokeman the Deep Elf Hedge Wizard began the quest for the
                  | Orb.
     0 | D:1      | Reached XP level 1. HP: 10/10 MP: 7/7
   410 | D:1      | Reached XP level 2. HP: 15/15 MP: 7/9
  1292 | D:2      | Reached skill level 5 in Spellcasting
  1455 | D:2      | Found a faded altar of an unknown god.
  1490 | D:2      | Reached XP level 3. HP: 20/20 MP: 9/11
  1494 | D:2      | Learned a level 3 spell: Mephitic Cloud
  1497 | D:2      | Learned a level 2 spell: Call Imp
  1500 | D:2      | Learned a level 2 spell: Blink
  1679 | D:2      | Reached skill level 1 in Armour
  2206 | D:3      | Reached skill level 1 in Fighting
  2445 | D:3      | Reached XP level 4. HP: 8/25 MP: 4/13
  2742 | D:3      | Reached skill level 6 in Spellcasting
  2742 | D:3      | Reached XP level 5. HP: 17/29 MP: 9/15
  2852 | D:3      | Found a runed translucent door.
  2854 | D:3      | Noticed innerfire43's ghost (amateur DsMo)
  3199 | D:3      | Found a runed translucent door.
  3368 | D:4      | Learned a level 4 spell: Flame Wave
  3413 | D:4      | Found a sacrificial altar of Ru.
  3643 | D:4      | Found a broken altar of Ashenzari.
  3667 | D:4      | Found a glowing golden altar of the Shining One.
  3703 | D:4      | Found a bloodstained altar of Trog.
  3706 | D:4      | Noticed a wizard
  3712 | D:4      | Killed a wizard
  4008 | D:4      | Found Eteitat's Jewellery Shoppe.
  4181 | D:4      | Noticed Dowan
  4183 | D:4      | Noticed Duvessa
  4200 | D:4      | Killed Duvessa
  4201 | D:4      | Reached skill level 1 in Air Magic
  4201 | D:4      | Reached XP level 6. HP: 26/34 MP: 5/17
  4209 | D:4      | Killed Dowan
  4210 | D:4      | Reached skill level 7 in Spellcasting
  4453 | D:5      | Entered Level 5 of the Dungeon
  4586 | D:5      | Reached skill level 1 in Fire Magic
  4642 | D:5      | Reached XP level 7. HP: 38/39 MP: 7/20
  4820 | D:5      | Reached skill level 8 in Spellcasting
  5146 | D:5      | Reached skill level 1 in Evocations
  5538 | D:6      | Reached XP level 8. HP: 44/44 MP: 16/22
  5561 | D:6      | Reached skill level 9 in Spellcasting
  5595 | D:6      | Found a sand-covered staircase.
  5616 | Ossuary  | Entered an ossuary
  6387 | D:6      | Noticed Menkaure
  6397 | D:6      | Killed Menkaure
  6398 | D:6      | Reached skill level 5 in Conjurations
  6583 | D:6      | Noticed Blork the orc
  6595 | D:6      | Killed Blork the orc
  6596 | D:6      | Reached skill level 10 in Spellcasting
  6884 | D:6      | Found a runed translucent door.
  6885 | D:6      | Noticed Crazy Yiuf
  7259 | D:6      | Found a staircase to the Ecumenical Temple.
  7265 | Temple   | Entered the Ecumenical Temple
  7273 | Temple   | Became a worshipper of Vehumet
  7384 | D:6      | Killed Crazy Yiuf
  7941 | D:7      | Found an ornate altar of the Wu Jian Council.
  7999 | D:7      | Reached XP level 9. HP: 48/48 MP: 20/25
  8429 | D:8      | Paralysed by a hornet for 2 turns
  8746 | D:8      | Reached skill level 11 in Spellcasting
  9204 | D:8      | Reached skill level 5 in Fire Magic
  9246 | D:8      | Found a blossoming altar of Fedhas.
  9580 | D:8      | Noticed Psyche
  9589 | D:8      | Killed Psyche
  9779 | D:9      | Reached skill level 12 in Spellcasting
  9912 | D:9      | Found a burning altar of Makhleb.
  9912 | D:9      | Noticed an Executioner
  9937 | D:9      | Noticed a kobold demonologist
  9947 | D:9      | Killed a kobold demonologist
  9987 | D:9      | Reached * piety under Vehumet
  9987 | D:9      | Offered knowledge of Freeze by Vehumet.
 10104 | D:9      | Reached XP level 10. HP: 40/54 MP: 11/28
 10948 | D:10     | Entered Level 10 of the Dungeon
 10948 | D:10     | Found a staircase to the Lair.
 10967 | D:10     | Reached skill level 13 in Spellcasting
 11381 | D:10     | Noticed a two-headed ogre
 11402 | D:10     | Killed a two-headed ogre
 11698 | D:10     | Found a shadowy altar of Dithmenos.
 13026 | D:11     | Reached skill level 14 in Spellcasting
 13026 | D:11     | Reached ** piety under Vehumet
 13030 | D:11     | Offered knowledge of Poisonous Vapours by Vehumet.
 13032 | D:11     | Found a staircase to the Orcish Mines.
 13042 | D:11     | Noticed a cyclops
 13063 | D:11     | Killed a cyclops
 13220 | D:11     | Noticed a gargoyle
 13232 | D:11     | Killed a gargoyle
 13828 | D:12     | Noticed an ogre mage
 13829 | D:12     | Noticed innerfire43's ghost (journeyman DsMo)
 13829 | D:12     | Noticed a fire giant
 13829 | D:12     | Noticed a white ugly thing
 13839 | D:12     | Found a runed translucent gate.
 13839 | D:12     | Found a runed translucent gate.
 13839 | D:12     | Found a runed translucent gate.
 13839 | D:12     | Noticed a bunyip
 13852 | D:12     | Noticed an anaconda
 13853 | D:12     | an anaconda changed into a bunyip
 13853 | D:12     | Noticed a bunyip (glowing shapeshifter)
 13854 | D:12     | a bunyip changed into an ice dragon
 13854 | D:12     | Noticed an ice dragon (glowing shapeshifter)
 13968 | D:12     | Reached XP level 11. HP: 39/61 MP: 18/31
 14210 | D:12     | You fall into a shaft and drop 2 floors!
 14224 | D:14     | Noticed a four-headed hydra
 14347 | D:12     | Noticed a great orb of eyes
 14412 | D:12     | Noticed an eleionoma
 14414 | D:12     | an eleionoma changed into a formless jellyfish
 14414 | D:12     | Noticed a formless jellyfish (glowing shapeshifter)
 14419 | D:12     | a formless jellyfish changed into an emperor scorpion
 14419 | D:12     | Noticed an emperor scorpion (glowing shapeshifter)
 14596 | D:4      | Bought the amulet "Wetoxt" {Reflect rElec rPois SH+5} for
                  | 674 gold pieces
 14885 | Lair:1   | Entered Level 1 of the Lair of Beasts
 15063 | Lair:1   | Reached skill level 15 in Spellcasting
 15069 | Lair:1   | Noticed a death yak
 15084 | Lair:1   | Killed a death yak
 15348 | Lair:1   | Offered knowledge of Volatile Blastmotes by Vehumet.
 15350 | Lair:1   | Reached skill level 5 in Fighting
 15471 | Lair:1   | Reached *** piety under Vehumet
 15512 | Lair:1   | Found a runed translucent gate.
 15512 | Lair:1   | Found a runed translucent gate.
 15512 | Lair:1   | Found a runed translucent gate.
 15512 | Lair:1   | Noticed TittyCrusher's ghost (journeyman OpEE)
 15926 | Lair:1   | Reached skill level 16 in Spellcasting
 16129 | Lair:2   | Offered knowledge of Sticky Flame by Vehumet.
 16147 | Lair:2   | Noticed a lindwurm
 16166 | Lair:2   | Killed a lindwurm
 16303 | Lair:2   | Reached XP level 12. HP: 54/69 MP: 11/34
 16413 | Lair:2   | Found a staircase to the Shoals.
 16445 | Lair:2   | You fall into a shaft and drop 2 floors!
 16450 | Lair:4   | Reached skill level 10 in Conjurations
 16507 | Lair:4   | Reached **** piety under Vehumet
 16508 | Lair:4   | Reached skill level 17 in Spellcasting
 16531 | Lair:4   | Offered knowledge of Irradiate by Vehumet.
 16729 | Lair:3   | Reached skill level 1 in Ice Magic
 16754 | Lair:3   | Noticed a six-headed hydra
 16908 | Lair:2   | Reached skill level 10 in Fire Magic
 16996 | Lair:2   | Reached skill level 5 in Armour
 17253 | Lair:2   | Reached skill level 18 in Spellcasting
 17454 | Lair:3   | Killed a six-headed hydra
 17466 | Lair:3   | Reached ***** piety under Vehumet
 17470 | Lair:3   | Reached XP level 13. HP: 42/74 MP: 17/37
 17643 | Lair:3   | Offered knowledge of Eringya's Noxious Bog by Vehumet.
 17849 | Lair:3   | Found a hole to the Spider Nest.
 17971 | Lair:3   | Identified the +0 chain mail of Masochism {rF+ rN+ SInv}
 18318 | Lair:4   | Found a staircase to the Slime Pits.
 18911 | Lair:5   | Entered Level 5 of the Lair of Beasts
 18942 | Lair:5   | Found a gate leading to a gauntlet.
 18955 | Lair:5   | Reached skill level 19 in Spellcasting
 18957 | Gauntlet | Entered a Gauntlet
 18957 | Gauntlet | Found a transporter.
 18960 | Gauntlet | Found a transporter.
 18961 | Gauntlet | Found a transporter.
 18965 | Gauntlet | Found a transporter.
 18966 | Gauntlet | Found a transporter.
 18972 | Gauntlet | Found a transporter.
 18972 | Gauntlet | Noticed a dire elephant
 18977 | Gauntlet | Found a transporter.
 19008 | Gauntlet | Found a transporter.
 19008 | Gauntlet | Found a transporter.
 19011 | Gauntlet | Found a transporter.
 19045 | Gauntlet | Found a transporter.
 19076 | Gauntlet | Found a transporter.
 19229 | Gauntlet | Identified the +2 cloak of Objectivity {rPois rC+ Will++
                  | Str-5}
 19232 | Gauntlet | Identified the +1 ring mail "Fybremi" {rF+}
 19381 | Gauntlet | Learned a level 5 spell: Fireball
 19387 | Gauntlet | Learned a level 5 spell: Iskenderun's Battlesphere
 19395 | Gauntlet | Learned a level 7 spell: Orb of Destruction
 19395 | Gauntlet | Identified the ring of Tituril {rPois rCorr Int-5 Dex+3}
 19395 | Gauntlet | Noticed a minotaur
 19400 | Gauntlet | Killed a minotaur
 19406 | Gauntlet | Identified the +1 steam dragon scales of Noul {Dex+3}
 19575 | Lair:5   | HP: 2/74 [water moccasin (13)]
 19576 | Lair:5   | Succumbed to a water moccasin's poison

Illustrated notes

Levels and vault maps discovered:
D:1:      lemuel_arrival_broad_hall, layout_loops_ring, palyth_stone_intersect,
          nicolae_the_louvre
D:2:      layout_basic, shapermc_ecumenical_altar_notcrosses
D:3:      layout_basic, ebering_ghost_sewer_f, cheibrodos_gnoll_hut
D:4:      wad_pebble_path, layout_loops_ring, mainiacjoe_overflow_alcove_4,
          trog_wizard, mainiacjoe_overflow_catwalk_spiral, serial_shops, shop,
          ebering_dispersal_statue_hall, uniq_duvessa
D:5:      layout_basic
D:6:      layout_loops_cross, minmay_temple_entry_fiery,
          nicolae_ossuary_entry_plus, uniq_crazy_yiuf_cottage,
          uniq_blork_the_orc, uniq_menkaure
D:7:      layout_basic, mainiacjoe_overflow_brackets
D:8:      layout_cave_pods, marbit_many_paths, minmay_misc_feat_nine_boxes,
          uniq_psyche
D:9:      layout_basic, makhleb_altar_promises_db
D:10:     layout_cave_pods, nicolae_dithmenos_the_darkroom, david_lair_shrubbed
D:11:     layout_cave_pools, hiddenorc2_lemuel, chequers_arboretum
D:12:     layout_roguey, gammafunk_ghost_split
D:13:     layout_grid_maze, serial_shops, shop, nzn_hepliaklqana_mist_gate,
          uniq_frances
D:14:     layout_irregular_city, erik_vaults_1, chequers_serial_rivers_marsh
Temple:   nicolae_temple_two_arcs
Lair:1:   layout_chaotic_city, serial_bayou, serial_bayou_lagoon_a,
          serial_bayou_pond_b, serial_bayou_ford_a, serial_bayou_pond_d,
          ebering_ghost_rock_garden
Lair:2:   layout_roguey, nicolae_shoals_entry_roost, special_room
          [special_room_bee], cheibrodos_lair_caveside_slide,
          grunt_megastairs_4, infiniplex_staircase_pool_2
Lair:3:   layout_misc_corridors, hellmonk_spider_entry_life_and_decay
Lair:4:   layout_roguey, nicolae_slime_entry_slimehenge
Lair:5:   hangedman_lair_caniforms_friends, layout_cave_pods,
          hangedman_lair_tendril_chambers, gauntlet_entry_generic, uniq_kirke

Skill      XL: |  1  2  3  4  5  6  7  8  9 10 11 12 13 |
---------------+----------------------------------------+-----
Spellcasting   | 5 6 7 8 10 12 14 16 18 19 | 19.5
Armour         | 1 3 4 5 6 |  6.4
Fighting       | 1 2 4 5 6 |  6.0
Conjurations   | 2 3 4 5 7 8 9 10 11 | 11.7
Dodging        | 3 |  3.0
Stealth        | 3 |  3.0
Air Magic      | 1 |  1.2
Poison Magic   | 2 |  2.0
Fire Magic     | 1 3 4 6 7 9 10 11 | 11.2
Evocations     | 1 |  1.1
Ice Magic      | 1 |  1.0
Summonings     | |  1.1
Translocations | |  1.1

Action                     |  1- 3 |  4- 6 |  7- 9 | 10-12 | 13-15 || total
---------------------------+-------+-------+-------+-------+-------++-------
  Melee: Dagger            |     1 |    30 |   125 |   191 |    13 ||   360
         Punch             |       |       |     1 |     3 |       ||     4
   Cast: Magic Dart        |   109 |    70 |   150 |    84 |    22 ||   435
         Mephitic Cloud    |       |     7 |    31 |    55 |     9 ||   102
         Call Imp          |       |       |     4 |       |     1 ||     5
         Flame Wave        |       |       |    13 |    71 |    18 ||   102
         Blink             |       |       |     1 |     3 |     4 ||     8
         Fireball          |       |       |       |       |     5 ||     5
         Orb of Destructio |       |       |       |       |     3 ||     3
         Iskenderun's Batt |       |       |       |       |     1 ||     1
  Evoke: Wand              |       |       |     4 |    10 |     3 ||    17
    Use: Scroll            |       |       |       |    14 |     7 ||    21
   Stab: Confused          |       |     6 |    11 |    24 |     2 ||    43
         Sleeping          |       |       |     1 |       |       ||     1
 Armour: Robe              |     2 |     3 |    28 |       |       ||    33
         Steam dragon scal |       |       |    21 |     6 |    10 ||    37
         Acid dragon scale |       |       |       |    97 |    23 ||   120
  Dodge: Dodged            |     9 |     9 |    75 |   250 |    56 ||   399
  Block: Other             |       |       |       |    44 |    19 ||    63

Table legend: (Time is in decaauts)
 A = Elapsed time spent in this place.
 B = Non-inter-level travel time spent in this place.
 C = Inter-level travel time spent in this place.
 D = Time resting spent in this place.
 E = Time spent auto-exploring this place.
 F = Levels seen in this place.
 G = Mean time per level.
                   A        B        C        D        E       F      G
               +--------+--------+--------+--------+--------+-----+--------+
         Total |  19618 |  18600 |   1018 |   1069 |  14579 |  22 |  891.7 |
       Dungeon |  14108 |  13179 |    929 |    652 |  10809 |  14 | 1007.7 |
        Temple |     45 |     35 |     10 |      0 |      0 |   1 |   45.0 |
          Lair |   4125 |   4047 |     78 |    199 |   3052 |   5 |  825.0 |
       Ossuary |    745 |    745 |      0 |      0 |    638 |   1 |  745.0 |
      Gauntlet |    594 |    594 |      0 |    218 |     80 |   1 |  594.0 |
               +--------+--------+--------+--------+--------+-----+--------+

Top non-repeatable levels by time:
     D:9: 1678 daAuts
     D:6: 1439 daAuts
    D:10: 1427 daAuts
     D:8: 1299 daAuts
  Lair:1: 1194 daAuts
     D:3: 1189 daAuts
     D:4: 1184 daAuts
     D:5: 1116 daAuts
     D:2: 1105 daAuts
     D:1: 1065 daAuts
  Lair:4: 1063 daAuts
     D:7: 965 daAuts
  Lair:2: 931 daAuts
  Lair:3: 895 daAuts
    D:11: 803 daAuts
